Map: Daten-C

Players

K.I.-1 (Sehr leicht)

  • Race: Terran Terran
  • Spawn Location: 3:00

Captainfisch - Winner!

  • Race: Terran Terran
  • League: Diamond
  • Spawn Location: 9:00

VOD

Have the link to the VOD?

Description

Time

  • Played on: Nov. 25, 2022, 9:20 a.m.
  • Length: 7:55
Show
View Real Time Build Order
Export as new Build Order

K.I.-1 (Sehr leicht) Terran 

Build Orders:  

Get SALT Encoding   

  12  0:00  SCV  
  13  0:13  SCV  
  14  0:18  Supply Depot  
  14  0:37  Refinery  
  14  0:42  Barracks  
  14  1:04  Supply Depot  
  14  1:12  Refinery  
  14  1:30  Marine, Orbital Command  
  15  1:49  Barracks Tech Lab  
  15  1:55  SCV  
  16  2:07  SCV  
  17  2:14  Marine  
  18  2:19  SCV  
  19  2:32  SCV  
  20  2:44  SCV  
  21  2:56  SCV  
  21  2:58  Marauder  
  24  4:54  SCV  
  24  6:31  SCV  
  24  6:34  Marine  
  24  6:37  Factory  
  24  6:39  Supply Depot  
  25  6:41  Command Center  
  25  6:43  SCV  
  26  7:00  SCV  
  27  7:04  Supply Depot  
  27  7:07  Marine  
  28  7:13  SCV  
  25  7:24  Starport  
  25  7:25  SCV  
  21  7:37  SCV  
Show
View Real Time Build Order
Export as new Build Order

Captainfisch Terran - Winner!

Build Orders:  

Get SALT Encoding   

  12  0:00  SCV  
  13  0:12  SCV  
  14  0:17  Supply Depot  
  14  0:24  SCV  
  15  0:38  SCV  
  15  0:40  Barracks  
  16  0:43  Refinery  
  16  0:50  SCV  
  16  0:54  Refinery  
  17  1:02  SCV  
  18  1:14  SCV  
  19  1:27  Reaper  
  19  1:28  Supply Depot  
  19  1:29  Orbital Command  
  20  1:47  Factory  
  20  1:54  SCV  
  20  1:59  Barracks Reactor  
  21  2:06  SCV  
  22  2:18  SCV  
  23  2:26  Command Center  
  23  2:30  SCV  
  23  2:35  Factory Tech Lab  
  24  2:38  Marine x2  
  24  2:43  SCV  
  27  2:47  Starport  
  27  2:53  Supply Depot  
  27  3:02  Cyclone  
  30  3:06  Marine  
  31  3:14  Marine  
  32  3:20  SCV  
  33  3:35  Command Center  
  33  3:40  Raven  
  35  3:46  Orbital Command  
  35  3:51  Marine x2  
  37  4:01  Refinery  
  37  4:10  SCV  
  37  4:12  Orbital Command  
  38  4:25  Raven, Marine x2  
  38  4:30  Fusion Core  
  42  4:42  SCV x2  
  44  4:46  Supply Depot  
  44  4:47  Marine x2  
  46  4:55  SCV x2, Orbital Command  
  48  5:13  Hellion  
  48  5:14  Hellion  
  52  5:17  Battlecruiser  
  58  5:22  Weapon Refit  
  58  5:26  SCV  
  59  5:35  Hellion x2  
  63  5:37  SCV x2  
  63  5:41  SCV  
  66  5:49  SCV  
  67  5:53  SCV  
  67  5:56  Orbital Command  
  68  5:57  Supply Depot  
  68  6:00  Armory  
  68  6:01  SCV x2  
  68  6:02  Armory  
  70  6:05  Refinery  
  70  6:11  Supply Depot  
  70  6:12  Hellion x2  
  74  6:22  Battlecruiser  
  80  6:28  SCV  
  80  6:29  SCV x2  
  83  6:35  Hellion x2  
  87  6:45  SCV x3  
  90  6:57  SCV x2  
  92  7:02  SCV  
  92  7:07  Command Center, Refinery  
  92  7:08  Refinery  
  93  7:10  Factory  
  93  7:14  Supply Depot  
  93  7:35  SCV x3  
  98  7:47  Starport  
Tags
 
League
Diamond
Matchup
TvT
Race
Terran
Spawn Locations
Cross Positions
Add a new tag
Caveats
  • Supply blocks, unpowered buildings, or Contaminate may cause inaccurate times.
  • Supply counts are checked every 10 seconds.